Map: King Sejong Station LE

Players

Miszu - Winner!

  • Race: Terran Terran
  • League: Master

BluE

  • Race: Protoss Protoss
  • League: Master

VOD

Have the link to the VOD?

Description

Time

  • Played on: June 11, 2016, 1:07 p.m.
  • Length: 12:53
Show
View Real Time Build Order
Export as new Build Order

Miszu Terran - Winner!

Build Orders: Reaper Expand, MMM Bio 

Get SALT Encoding   

  12  0:02  SCV  
  13  0:14  SCV  
  14  0:18  Supply Depot  
  14  0:26  SCV  
  15  0:40  SCV  
  15  0:41  Barracks  
  16  0:44  Refinery  
  16  0:52  SCV  
  17  1:04  SCV  
  18  1:16  SCV  
  19  1:28  Orbital Command  
  19  1:29  Reaper  
  20  1:41  Command Center  
  20  1:59  Supply Depot  
  20  2:01  Barracks Reactor  
  20  2:02  SCV  
  21  2:14  Refinery, SCV  
  22  2:22  Factory  
  22  2:26  SCV  
  23  2:37  Marine x2  
  23  2:38  SCV  
  26  2:50  SCV  
  27  2:55  Marine x2  
  27  2:58  Orbital Command  
  29  3:02  SCV  
  30  3:06  Starport, Widow Mine  
  32  3:13  Marine x2  
  32  3:15  SCV  
  35  3:23  SCV  
  37  3:27  SCV  
  36  3:35  Marine x2, Widow Mine, SCV  
  36  3:39  SCV  
  42  3:42  Medivac  
  42  3:46  Command Center  
  42  3:48  SCV  
  46  3:58  SCV  
  46  4:00  Supply Depot  
  46  4:06  SCV  
  46  4:21  Barracks, SCV x2  
  46  4:22  Barracks  
  48  4:28  Factory Tech Lab  
  48  4:30  Starport Tech Lab  
  48  4:33  Refinery, SCV x2  
  48  4:36  Engineering Bay  
  50  4:40  Marine x2  
  50  4:41  Supply Depot  
  52  4:46  SCV  
  51  4:58  Marine x2  
  53  5:01  SCV  
  53  5:02  Starport Reactor, Factory Reactor  
  53  5:03  SCV  
  53  5:04  Terran Infantry Weapons Level 1  
  55  5:09  Barracks  
  55  5:11  Barracks  
  55  5:13  SCV  
  56  5:14  Orbital Command  
  56  5:15  SCV  
  57  5:22  Refinery  
  57  5:24  Marine x2  
  57  5:25  SCV  
  57  5:26  Stimpack  
  58  5:31  Marine x2  
  58  5:32  Combat Shields  
  58  5:33  SCV  
  55  5:40  Orbital Command  
  55  5:42  Marine, Widow Mine x2  
  58  5:43  Medivac  
  58  5:44  Medivac  
  58  5:46  Marine  
  58  5:48  SCV  
  66  5:51  SCV  
  66  5:56  Marauder  
  69  5:57  Barracks Reactor, Barracks Tech Lab  
  69  6:00  Marauder, SCV  
  69  6:03  SCV  
  73  6:05  Supply Depot  
  73  6:09  Supply Depot, SCV  
  74  6:12  SCV  
  74  6:13  Marine  
  74  6:14  Marine  
  77  6:21  Concussive Shells  
  77  6:26  Widow Mine, SCV x2  
  77  6:27  Marauder x2  
  77  6:29  Widow Mine  
  77  6:32  Marauder  
  87  6:35  Marine x4  
  91  6:40  Supply Depot  
  91  6:41  SCV  
  91  6:42  Supply Depot, SCV  
  93  6:51  Engineering Bay  
  93  6:52  Armory  
  93  7:02  Marauder x2, SCV x3  
  93  7:04  Supply Depot x2, Marauder  
  93  7:06  Marine x4  
  106  7:15  Supply Depot  
  106  7:20  Terran Infantry Armor Level 1  
  106  7:23  Marauder  
  106  7:24  Marine  
  106  7:26  Marauder  
  106  7:27  Marine x2  
  106  7:28  Supply Depot, Marauder  
  106  7:29  Supply Depot  
  112  7:44  Marine x2  
  104  7:45  Marine x2, Marauder  
  104  7:46  Marine  
  104  7:50  Marauder  
  113  7:52  Medivac  
  113  7:53  Medivac  
  113  7:57  Barracks x2  
  113  7:58  Refinery, Barracks  
  117  8:02  Marine, Refinery  
  118  8:05  Marine  
  118  8:06  Marine, Marauder  
  118  8:07  Marine  
  118  8:08  Marauder  
  118  8:11  Supply Depot  
  118  8:12  SCV x3  
  128  8:13  Terran Infantry Weapons Level 2  
  128  8:17  Marine  
  129  8:22  Medivac  
  129  8:24  SCV x2  
  131  8:30  Marine x2, Marauder, Widow Mine x2  
  131  8:31  Medivac  
  131  8:34  Marine x2, Marauder  
  144  8:35  Marine  
  146  8:54  Marine  
  146  8:55  Marine x5, Marauder, Liberator x2  
  152  9:02  Barracks Tech Lab  
  148  9:03  Barracks Tech Lab x2  
  148  9:04  Command Center  
  148  9:05  Widow Mine  
  150  9:12  Marine  
  150  9:13  Ghost Academy  
  157  9:23  Marine  
  157  9:34  Supply Depot  
  157  9:35  Marine, Widow Mine  
  157  9:37  Supply Depot  
  157  9:38  Supply Depot  
  160  9:39  Supply Depot  
  160  9:40  Missile Turret  
  154  9:58  Liberator x2  
  148  10:10  Missile Turret  
  148  10:16  Ghost x5  
  148  10:18  Marine x2  
  168  10:23  Terran Infantry Armor Level 2  
  163  10:41  Liberator x2  
  153  10:44  SCV  
  153  10:45  SCV  
  153  10:46  SCV  
  155  10:56  SCV  
  157  10:57  SCV  
  157  10:58  SCV  
  164  11:09  SCV x2  
  166  11:20  Ghost x2  
  169  11:43  Ghost x4  
  177  11:48  Ghost  
  177  11:51  Planetary Fortress  
  177  11:52  SCV  
  177  11:53  SCV  
  177  11:54  SCV  
  182  12:05  SCV x2  
  182  12:06  SCV  
Show
View Real Time Build Order
Export as new Build Order

BluE Protoss 

Build Orders: 1 Gate Expand, Blink Stalkers 

Get SALT Encoding   

  12  0:02  Probe (Chrono Boost)  
  13  0:12  Probe (Chrono Boost)  
  14  0:21  Pylon  
  14  0:23  Probe (Chrono Boost)  
  15  0:39  Probe (Chrono Boost)  
  15  0:42  Gateway  
  16  0:49  Probe (Chrono Boost)  
  17  0:53  Assimilator  
  17  1:00  Probe (Chrono Boost)  
  18  1:10  Probe (Chrono Boost)  
  19  1:21  Probe (Chrono Boost)  
  20  1:25  Nexus  
  20  1:36  Cybernetics Core  
  20  1:39  Probe (Chrono Boost)  
  21  1:46  Assimilator  
  21  1:50  Probe (Chrono Boost)  
  22  1:57  Pylon  
  22  2:00  Probe (Chrono Boost)  
  22  2:11  Probe (Chrono Boost)  
  22  2:14  Warp Gate  
  25  2:16  Adept (Chrono Boost)  
  26  2:26  Mothership Core (Chrono Boost)  
  27  2:39  Adept  
  29  2:45  Probe (Chrono Boost)  
  30  2:53  Probe (Chrono Boost)  
  30  2:55  Probe (Chrono Boost)  
  30  2:57  Robotics Facility  
  32  3:04  Probe (Chrono Boost)  
  33  3:06  Probe (Chrono Boost)  
  34  3:14  Twilight Council, Probe (Chrono Boost)  
  34  3:16  Probe (Chrono Boost)  
  36  3:24  Pylon  
  36  3:25  Probe (Chrono Boost)  
  37  3:27  Probe (Chrono Boost)  
  38  3:35  Probe (Chrono Boost)  
  38  3:38  Probe (Chrono Boost)  
  40  3:46  Gateway, Observer (Chrono Boost)  
  40  3:47  Gateway  
  40  3:48  Probe  
  42  3:50  Probe  
  42  3:51  Blink (Chrono Boost)  
  43  4:00  Probe x2  
  45  4:11  Probe  
  45  4:12  Pylon, Probe  
  45  4:14  Observer  
  48  4:21  Probe  
  48  4:22  Stalker  
  52  4:24  Probe  
  52  4:33  Probe, Assimilator  
  52  4:34  Assimilator  
  52  4:37  Nexus, Observer  
  54  4:57  Stalker x3  
  54  4:59  Probe  
  59  5:02  Probe  
  59  5:06  Forge  
  60  5:07  Forge  
  60  5:09  Pylon  
  60  5:12  Probe x2  
  62  5:25  Probe  
  62  5:27  Observer, Probe  
  65  5:34  Pylon  
  65  5:40  Gateway  
  65  5:41  Gateway  
  65  5:42  Gateway  
  65  5:45  Gateway, Protoss Ground Weapons Level 1 (Chrono Boost)  
  65  5:47  Protoss Ground Armor Level 1 (Chrono Boost)  
  65  5:50  Probe  
  65  5:52  Sentry x2  
  65  5:53  Adept  
  72  6:00  Immortal  
  72  6:02  Probe (Chrono Boost)  
  77  6:05  Probe (Chrono Boost)  
  78  6:13  Probe x2 (Chrono Boost)  
  78  6:15  Pylon  
  80  6:20  Probe (Chrono Boost)  
  80  6:21  Stalker  
  80  6:22  Stalker x2  
  87  6:32  Probe (Chrono Boost)  
  88  6:39  Pylon  
  92  6:40  Immortal  
  92  6:48  Probe (Chrono Boost)  
  92  6:49  Pylon  
  92  6:50  Pylon, Stalker x2  
  92  6:51  Stalker  
  99  6:57  Probe  
  99  7:00  Probe x2  
  101  7:07  Probe  
  102  7:11  Adept x2  
  102  7:12  Stalker x2  
  102  7:14  Probe  
  102  7:15  Resonating Glaives (Chrono Boost), Probe  
  113  7:18  Assimilator  
  113  7:19  Assimilator  
  113  7:21  Pylon  
  113  7:26  Templar Archives  
  111  7:38  Nexus  
  106  7:45  Adept  
  106  7:46  Adept x4  
  119  7:53  Probe  
  119  7:55  Psionic Storm, Probe x2  
  119  7:58  Warp Prism  
  118  8:04  Nexus  
  120  8:06  High Templar x2  
  120  8:12  Pylon  
  124  8:32  High Templar x2  
  127  8:34  Gateway  
  127  8:36  Gateway  
  127  8:40  Gateway  
  127  8:41  Gateway x2, Archon  
  127  8:42  Adept  
  127  8:43  Adept x3  
  122  8:56  Probe  
  122  8:57  Immortal  
  122  9:00  Probe  
  122  9:01  Probe  
  129  9:05  High Templar x2  
  133  9:16  Pylon  
  133  9:18  Pylon  
  133  9:19  Probe  
  133  9:20  Pylon  
  133  9:37  Pylon  
  133  9:38  Pylon  
  133  9:40  Adept x4  
  133  9:41  Adept x3  
  147  9:47  Nexus  
  137  10:01  Stargate  
  137  10:02  Probe  
  137  10:03  Stargate  
  137  10:04  Pylon, Protoss Ground Armor Level 2 (Chrono Boost)  
  137  10:06  Protoss Ground Weapons Level 2 (Chrono Boost)  
  134  10:18  Adept x2  
  134  10:19  Adept x4  
  144  10:28  Probe  
  123  10:49  Probe  
  124  10:50  Fleet Beacon  
  124  10:52  High Templar x2, Stalker x2  
  124  10:53  High Templar  
  124  10:54  Adept  
  124  10:55  Probe  
  137  10:57  Assimilator, Probe  
  137  11:03  Probe  
  138  11:07  Probe  
  139  11:16  Adept x5  
  145  11:19  Probe  
  145  11:23  Adept x3  
  150  11:27  Probe  
  145  11:43  Tempest x2 (Chrono Boost)  
  152  11:50  High Templar  
  153  11:55  High Templar  
  153  11:58  Nexus  
  153  12:01  Archon x2, Pylon  
  151  12:13  Adept x2  
  151  12:14  Adept x6  
Tags
 
Add a new tag
Caveats
  • Supply blocks, unpowered buildings, or Contaminate may cause inaccurate times.
  • Supply counts are checked every 10 seconds.